details: 'sick game'

« prev index next »

General information

Mini Map

Players

team 1
Random» UndeadGgDD (red | 103 APM | 4600 actions | 44:51)
Hero icon 8 Death Knight
Ability icon 3 Death Coil
Ability icon 3 Unholy Aura
Ability icon 1 Animate Dead
Ability icon 1 Death Pact
Hero icon 7 Lich
Ability icon 3 Frost Nova
Ability icon 3 Frost Armor
Ability icon 1 Death and Decay
Hero icon 3 Mountain King
Ability icon 1 Bash
Ability icon 2 Storm Bolt

» actions
Assign group hotkey74
Basic commands12
Build / train139
ESC pressed9
Enter build submenu35
Enter hero's abilities submenu18
Give item / drop item4
Right click1464
Select / deselect1275
Select group hotkey1343
Use ability227
4600 total
» units
Acolyte20
Peasant2
Ghoul3
Footman4
Crypt Fiend20
Rifleman9
Frost Wyrm15
Mortar Team5
Flying Machine2
80 total
» upgrades
Burrow1
Long Rifles1
Gunpowder1
Web1
Creature Attack2
Creature Carapace2
8 total
» buildings
Crypt2
Graveyard1
Altar of Darkness1
Farm7
Ziggurat6
Tomb of Relics1
Barracks1
Halls of the Dead1
Keep1
Black Citadel1
Arcane Vault1
Sacrificial Pit1
Boneyard1
Necropolis5
30 total
» build order
00:07 Crypt
00:17 Graveyard
00:30 Altar of Darkness
00:42 Farm
00:51 Ziggurat
00:56 Farm
01:15 Tomb of Relics
02:29 Ziggurat
03:22 Crypt
03:23 Ziggurat
03:34 Farm
04:30 Barracks
04:32 Farm
05:24 Ziggurat
06:29 Halls of the Dead
08:12 Keep
08:51 Black Citadel
10:33 Arcane Vault
10:53 Sacrificial Pit
10:54 Ziggurat
11:43 Boneyard
12:01 Ziggurat
15:19 Farm
15:20 Farm
15:20 Farm
23:28 Necropolis
25:11 Necropolis
33:49 Necropolis
40:10 Necropolis
40:27 Necropolis
» items
Rod of Necromancy1
Scroll of Town Portal8
Lesser Clarity Potion8
Scroll of Regeneration2
Orb of Corruption1
Potion of Healing2
Scroll of Healing2
Dust of Appearance1
Potion of Lesser Invulnerability1
26 total
Humanramp_wc3 (pink | 42 APM | 25 actions | 00:36)

» actions
Build / train3
Enter build submenu2
Right click14
Select / deselect4
Use ability2
25 total
» units
Peasant3
3 total
» buildings
Altar of Kings1
Barracks1
2 total
» build order
00:04 Altar of Kings
00:22 Barracks
UndeadEsE_Bello (purple | 63 APM | 2803 actions | 44:50)
Hero icon 9 Death Knight
Ability icon 3 Death Coil
Ability icon 3 Unholy Aura
Ability icon 1 Animate Dead
Ability icon 2 Death Pact
Hero icon 3 Mountain King
Ability icon 1 Storm Bolt
Ability icon 2 Bash
Hero icon 7 Lich
Ability icon 3 Frost Nova
Ability icon 3 Frost Armor
Ability icon 1 Death and Decay
Hero icon 1 Paladin
Ability icon 1 Holy Light

» actions
Assign group hotkey35
Basic commands4
Build / train106
Enter build submenu38
Enter hero's abilities submenu20
Give item / drop item11
Remove unit from queue2
Right click1542
Select / deselect726
Select group hotkey142
Use ability177
2803 total
» units
Acolyte8
Ghoul3
Crypt Fiend7
Peasant4
Rifleman2
Frost Wyrm8
Obsidian Statue8
40 total
» upgrades
Creature Attack3
Gunpowder1
Creature Carapace3
Burrow1
Armor1
Lumber Harvesting1
Web1
Freezing Breath1
Destroyer Form1
Flare1
14 total
» buildings
Graveyard1
Crypt1
Altar of Darkness1
Ziggurat10
Scout Tower1
Arcane Tower1
Tomb of Relics1
Blacksmith1
Halls of the Dead1
Farm3
Lumber Mill1
Sacrificial Pit1
Black Citadel1
Boneyard2
Workshop3
Slaughterhouse2
Spirit Tower2
Altar of Kings1
34 total
» build order
00:12 Graveyard
00:34 Crypt
00:49 Altar of Darkness
01:02 Ziggurat
01:16 Ziggurat
01:35 Scout Tower
02:41 Arcane Tower
03:02 Tomb of Relics
03:11 Blacksmith
04:38 Halls of the Dead
05:21 Ziggurat
05:52 Farm
05:55 Lumber Mill
06:00 Farm
06:16 Ziggurat
09:07 Sacrificial Pit
09:44 Black Citadel
12:00 Ziggurat
12:06 Boneyard
12:08 Boneyard
12:45 Workshop
12:47 Workshop
12:51 Farm
12:56 Workshop
15:25 Ziggurat
16:00 Slaughterhouse
19:35 Slaughterhouse
20:48 Ziggurat
20:52 Ziggurat
20:54 Ziggurat
25:07 Spirit Tower
33:24 Altar of Kings
34:19 Spirit Tower
36:12 Ziggurat
» items
Rod of Necromancy1
Potion of Healing6
Scroll of Town Portal9
Scroll of Healing3
Orb of Corruption1
Anti-magic Potion1
Orb of Venom1
Dust of Appearance1
23 total
NightElfstay.one (yellow | 83 APM | 3722 actions | 44:50)
Hero icon 8 Warden
Ability icon 3 Shadow Strike
Ability icon 3 Blink
Ability icon 1 Spirit of Vengeance
Ability icon 1 Fan of Knives

» actions
Assign group hotkey16
Basic commands6
Build / train191
ESC pressed22
Enter build submenu27
Enter hero's abilities submenu8
Give item / drop item3
Remove unit from queue5
Right click2029
Select / deselect1125
Select group hotkey44
Use ability245
3722 total
» units
Wisp52
Peasant9
Archer20
Dryad24
Huntress1
Druid of the Claw15
Mountain Giant2
Glaive Thrower16
139 total
» upgrades
Improved Bows1
Ultravision1
Druid of the Claw Training2
Abolish Magic1
Mark of the Claw1
Strength of the Moon1
Strength of the Wild3
Well Spring1
Reinforced Hides1
Vorpal Blades1
13 total
» buildings
Altar of Elders1
Moon Well5
Ancient of War4
Ancient of Wonders1
Tree of Ages3
Hunter's Hall1
Ancient of Lore3
Tree of Eternity2
Tree of Life4
Castle2
Ancient Protector2
28 total
» build order
00:07 Altar of Elders
00:19 Moon Well
00:52 Ancient of War
01:32 Ancient of War
01:57 Moon Well
02:55 Moon Well
04:07 Moon Well
04:23 Ancient of Wonders
04:58 Tree of Ages
04:59 Tree of Ages
04:59 Tree of Ages
06:21 Hunter's Hall
07:28 Ancient of Lore
10:48 Tree of Eternity
10:48 Tree of Eternity
11:51 Ancient of Lore
15:24 Tree of Life
16:01 Castle
18:00 Moon Well
19:50 Castle
20:54 Ancient of War
21:15 Ancient Protector
26:02 Tree of Life
26:05 Tree of Life
31:46 Ancient of Lore
34:41 Tree of Life
35:25 Ancient of War
36:38 Ancient Protector
» items
Dust of Appearance2
Lesser Clarity Potion5
Orb of Venom1
Scroll of Town Portal4
Potion of Healing2
Potion of Mana1
Anti-magic Potion1
16 total
team 2
HumanGin_Ichimaru (orange | 63 APM | 2825 actions | 44:37)
Hero icon 6 Archmage
Ability icon 3 Blizzard
Ability icon 2 Brilliance Aura
Ability icon 1 Mass Teleport
Hero icon 6 Blood Mage
Ability icon 3 Flame Strike
Ability icon 2 Banish
Ability icon 1 Summon Phoenix

» actions
Assign group hotkey34
Basic commands6
Build / train110
Enter build submenu32
Enter hero's abilities submenu13
Give item / drop item2
Remove unit from queue4
Right click1257
Select / deselect794
Select group hotkey436
Use ability137
2825 total
» units
Peasant28
Footman6
Priest6
Sorceress22
Spell Breaker2
Knight6
70 total
» upgrades
Defend1
Plating3
Priest Training2
Sorceress Training2
Animal War Training1
Swords2
11 total
» buildings
Altar of Kings1
Farm14
Barracks1
Lumber Mill1
Arcane Vault1
Scout Tower3
Blacksmith1
Arcane Tower2
Keep1
Town Hall4
Guard Tower1
Arcane Sanctum2
Castle1
33 total
» build order
00:04 Altar of Kings
00:36 Farm
00:48 Farm
01:21 Farm
02:17 Barracks
02:26 Lumber Mill
02:33 Arcane Vault
02:45 Farm
03:06 Scout Tower
03:26 Scout Tower
03:33 Blacksmith
03:45 Arcane Tower
03:58 Arcane Tower
04:18 Scout Tower
04:46 Keep
05:34 Town Hall
05:54 Guard Tower
05:57 Farm
07:12 Arcane Sanctum
07:17 Arcane Sanctum
07:20 Farm
07:39 Farm
10:38 Castle
11:36 Farm
12:17 Farm
13:45 Farm
14:46 Farm
15:38 Farm
16:26 Farm
19:19 Farm
27:04 Town Hall
32:02 Town Hall
40:51 Town Hall
» items
Scroll of Regeneration2
Scroll of Town Portal5
Potion of Healing1
8 total
Random» NightElfOrlOn (blue | 83 APM | 3681 actions | 44:34)
Hero icon 7 Priestess of the Moon
Ability icon 3 Trueshot Aura
Ability icon 3 Searing Arrows
Ability icon 1 Starfall
Hero icon 6 Naga Sea Witch
Ability icon 2 Frost Arrows
Ability icon 3 Forked Lightning
Ability icon 1 Tornado

» actions
Assign group hotkey84
Basic commands32
Build / train131
Enter build submenu30
Enter hero's abilities submenu14
Give item / drop item10
Right click1262
Select / deselect740
Select group hotkey1267
Use ability111
3681 total
» units
Wisp26
Archer30
Hippogryph21
Chimaera6
83 total
» upgrades
Improved Bows1
Hippogryph Taming1
Strength of the Moon3
Marksmanship1
Reinforced Hides3
Corrosive Breath1
Strength of the Wild3
13 total
» buildings
Altar of Elders1
Moon Well8
Ancient of War3
Tree of Ages2
Tree of Life5
Tree of Eternity1
Ancient of Wind4
Ancient of Wonders1
Hunter's Hall1
Chimaera Roost2
28 total
» build order
00:07 Altar of Elders
00:17 Moon Well
00:31 Ancient of War
01:33 Moon Well
02:53 Tree of Ages
02:53 Tree of Ages
03:51 Tree of Life
04:14 Moon Well
05:15 Tree of Eternity
07:54 Ancient of Wind
07:55 Ancient of Wind
09:03 Ancient of War
10:22 Ancient of War
11:35 Ancient of Wonders
11:45 Hunter's Hall
11:51 Moon Well
16:12 Moon Well
16:13 Moon Well
18:52 Chimaera Roost
18:52 Chimaera Roost
19:12 Tree of Life
20:18 Moon Well
20:19 Moon Well
23:50 Tree of Life
30:15 Tree of Life
36:56 Ancient of Wind
36:57 Ancient of Wind
40:22 Tree of Life
» items
Lesser Clarity Potion1
Healing Salve1
Scroll of Town Portal7
Dust of Appearance1
Potion of Healing2
Anti-magic Potion5
17 total
Random» OrcWc3-tEaM.BaUeR (green | 93 APM | 4151 actions | 44:49)
Hero icon 8 Blademaster
Ability icon 3 Wind Walk
Ability icon 3 Critical Strike
Ability icon 1 Bladestorm
Ability icon 1 Mirror Image

» actions
Assign group hotkey171
Basic commands91
Build / train97
ESC pressed1
Enter build submenu22
Enter hero's abilities submenu8
Give item / drop item1
Remove unit from queue2
Right click2594
Select / deselect499
Select group hotkey421
Use ability244
4151 total
» units
Peon15
Raider13
Wind Rider5
Troll Batrider5
Troll Witch Doctor2
Shaman1
41 total
» upgrades
Pillage-1
Armor2
Melee Weapons2
Ensnare1
Ranged Weapons2
Shaman Training2
Witch Doctor Training2
10 total
» buildings
Altar of Storms2
Orc Burrow10
Voodoo Lounge1
Great Hall2
Stronghold1
War Mill1
Beastiary3
Fortress1
Spirit Lodge2
23 total
» build order
00:08 Altar of Storms
00:12 Orc Burrow
01:15 Voodoo Lounge
02:46 Great Hall
03:50 Stronghold
04:09 Orc Burrow
04:13 War Mill
04:48 Orc Burrow
06:22 Beastiary
06:25 Beastiary
06:34 Orc Burrow
06:39 Beastiary
09:15 Orc Burrow
10:56 Orc Burrow
11:25 Orc Burrow
13:28 Orc Burrow
14:12 Orc Burrow
15:26 Altar of Storms
16:42 Fortress
17:49 Spirit Lodge
17:52 Spirit Lodge
25:13 Great Hall
30:49 Orc Burrow
» items
Healing Salve4
Lesser Clarity Potion9
Scroll of Speed5
Potion of Healing3
Scroll of Town Portal4
Potion of Mana2
Orb of Lightning1
Moonstone1
29 total
NightElfKazuKey (teal | 82 APM | 3670 actions | 44:29)
Hero icon 7 Warden
Ability icon 3 Shadow Strike
Ability icon 2 Blink
Ability icon 1 Fan of Knives
Ability icon 1 Spirit of Vengeance

» actions
Assign group hotkey165
Basic commands56
Build / train97
Enter build submenu42
Enter hero's abilities submenu7
Remove unit from queue7
Right click1552
Select / deselect754
Select group hotkey862
Use ability128
3670 total
» units
Wisp36
Dryad23
59 total
» upgrades
Strength of the Wild3
Abolish Magic1
Reinforced Hides3
Well Spring1
8 total
» buildings
Moon Well16
Altar of Elders1
Tree of Ages2
Ancient of Wonders1
Hunter's Hall1
Ancient of Lore5
Tree of Eternity1
Tree of Life5
32 total
» build order
00:10 Moon Well
00:12 Moon Well
00:20 Altar of Elders
01:54 Moon Well
01:56 Tree of Ages
02:08 Moon Well
02:58 Ancient of Wonders
03:01 Hunter's Hall
04:49 Ancient of Lore
04:55 Ancient of Lore
06:45 Ancient of Lore
08:24 Moon Well
09:33 Moon Well
09:36 Moon Well
11:16 Moon Well
11:40 Moon Well
13:12 Moon Well
13:56 Moon Well
13:58 Moon Well
15:24 Tree of Eternity
16:02 Tree of Life
16:24 Moon Well
24:01 Tree of Life
30:42 Tree of Life
30:57 Tree of Life
32:12 Moon Well
32:16 Moon Well
33:13 Moon Well
41:38 Ancient of Lore
41:41 Ancient of Lore
42:51 Tree of Life
» items
Lesser Clarity Potion4
Healing Salve2
Scroll of Speed1
Potion of Mana1
Scroll of Regeneration1
Scroll of Town Portal4
13 total

Chat log

(00:12 / Allies) GgDD: 100 pls
(00:14 / Allies) stay.one: rush ?
(00:19 / Allies) GgDD: ty
(00:20 / Allies) GgDD: i cc
(00:25 / Allies) stay.one: no rush -.-
(00:36 / All) Wc3-tEaM.BaUeR: thnx
(00:41 / All) Wc3-tEaM.BaUeR: this is why i got 100 - 0
(00:42 / All) EsE_Bello: lave 1 plz
(00:47 / All) Wc3-tEaM.BaUeR: omfg
(00:51 / All) Wc3-tEaM.BaUeR: okay i will
(01:05 / Allies) stay.one: me warden
(01:10 / Allies) EsE_Bello: some help
(01:25 / Allies) EsE_Bello: fusil
(01:27 / Allies) EsE_Bello: ?
(01:30 / Allies) GgDD: y
(01:39 / Allies) EsE_Bello: oma

(04:39 / Allies) stay.one: we musst aaatack
(05:00 / Allies) EsE_Bello: go 4?

(06:14 / Allies) stay.one: b
(06:38 / Allies) EsE_Bello: ok
(06:39 / Allies) stay.one: y

(08:18 / Allies) EsE_Bello: gogoo

(12:51 / Allies) GgDD: tp

(13:52 / Allies) GgDD: b
(13:53 / Allies) GgDD: b
(13:53 / Allies) GgDD: b
(14:04 / Allies) GgDD: purple noob make unit
(14:15 / Allies) EsE_Bello: fuck yoa and control 2 vases noob
(14:21 / Allies) GgDD: i contorl him idiot
(14:23 / Allies) GgDD: u didn nothing
(14:27 / Allies) EsE_Bello: +use noob
(14:27 / Allies) EsE_Bello: use

(17:49 / Allies) stay.one: :)

(18:54 / Allies) stay.one: by dust -.-
(19:44 / Allies) GgDD: fiend
(20:36 / Allies) EsE_Bello: dest com

(23:06 / All) EsE_Bello: B
(23:06 / All) EsE_Bello: B
(23:12 / All) Wc3-tEaM.BaUeR: haha noob
(23:18 / All) EsE_Bello: me noob??
(23:24 / All) EsE_Bello: and you need 17 mins for game¿¿
(23:26 / All) Wc3-tEaM.BaUeR: wanna lagg him out
(23:27 / All) Wc3-tEaM.BaUeR: LOL
(23:33 / All) EsE_Bello: ..
(23:35 / All) Wc3-tEaM.BaUeR: we dont wanna rush

(25:04 / Allies) GgDD: let him die
(25:18 / Allies) EsE_Bello: towers
(26:15 / Allies) GgDD: tp

(27:15 / Allies) GgDD: go
(28:00 / Allies) EsE_Bello: tp uy
(28:04 / Allies) stay.one: i have
(29:03 / Allies) GgDD: in back
(29:26 / Allies) GgDD: dispell
(29:33 / Allies) GgDD: use destro

(30:49 / Allies) EsE_Bello: googo
(30:55 / Allies) EsE_Bello: naga++1

(32:01 / Allies) stay.one: nice :)

(33:37 / Allies) GgDD: s7
(33:38 / Allies) GgDD: w8
(34:10 / Allies) GgDD: tt
(34:21 / Allies) GgDD: fast
(34:21 / Allies) GgDD: go
(35:07 / Allies) GgDD: meet
(35:18 / Allies) EsE_Bello: ptom kill
(35:20 / Allies) EsE_Bello: or gg
(35:29 / Allies) EsE_Bello: xd
(35:37 / Allies) EsE_Bello: towers
(35:38 / Allies) EsE_Bello: in exe
(35:45 / Allies) stay.one: go ?
(35:57 / Allies) EsE_Bello: 100 gold
(36:06 / Allies) GgDD: empty
(36:28 / Allies) GgDD: need attack
(36:48 / Allies) EsE_Bello: goog
(36:57 / Allies) EsE_Bello: 0 mele
(37:30 / Allies) GgDD: col
(37:31 / Allies) GgDD: dk
(37:38 / Allies) EsE_Bello: b
(37:38 / Allies) EsE_Bello: b
(37:38 / Allies) EsE_Bello: b
(37:39 / Allies) EsE_Bello: b
(37:39 / Allies) EsE_Bello: b
(37:44 / Allies) GgDD: poic
(37:47 / Allies) EsE_Bello: meet
(38:24 / Allies) GgDD: go

(40:55 / Allies) EsE_Bello: towers man
(41:30 / Allies) GgDD: tp?
(41:33 / All) EsE_Bello: domination
(41:36 / All) Wc3-tEaM.BaUeR: LOL
(41:39 / Allies) EsE_Bello: massdridas
(41:41 / All) Wc3-tEaM.BaUeR: doll domination
(42:12 / Allies) GgDD: need those
(42:12 / Allies) EsE_Bello: sec
(42:34 / Allies) EsE_Bello: prgg
(43:27 / Allies) EsE_Bello: tp all
(43:36 / Allies) GgDD: TP
(43:37 / Allies) GgDD: GO
(44:30 / All) GgDD: GG
(44:32 / All) EsE_Bello: gG
(44:34 / All) EsE_Bello: lose vs 3
(44:36 / Allies) GgDD: sick game
(44:37 / All) EsE_Bello: domination
(44:40 / All) EsE_Bello: mahah
(44:41 / Allies) EsE_Bello: glglgl
(44:41 / Allies) stay.one: lol all gelevs
(44:42 / Allies) EsE_Bello: xDD
(44:42 / All) Wc3-tEaM.BaUeR: such a tard team
(44:45 / All) GgDD: haha sick game
(44:46 / All) EsE_Bello: leave is thx
(44:47 / All) GgDD: gg
(44:49 / All) Wc3-tEaM.BaUeR: rush and win but no ...